 Dungeon Crawl Stone Soup version 0.21.0-3-g78d12a8 (webtiles) character file.

96 Musashi the Chopper (level 4, -1/41 HPs)
             Began as a Minotaur Berserker on Jan 17, 2018.
             Was a Believer of Trog.
             Engulfed by a cloud of flame (18 damage)
             ... on level 2 of the Dungeon.
             The game lasted 00:07:06 (2237 turns).

Musashi the Chopper (Minotaur Berserker)            Turns: 2237, Time: 00:07:07

Health: -1/41      AC:  9    Str: 23    XL:     4   Next: 41%
Magic:  3/3        EV:  9    Int:  4    God:    Trog [**....]
Gold:   54         SH:  0    Dex:  9    Spells: 3/3 levels left

rFire    . . .     SeeInvis .   a - +0 hand axe
rCold    . . .     Gourm    .   (no shield)
rNeg     . . .     Faith    .   o - +0 chain mail
rPois    .         Spirit   .   (helmet restricted)
rElec    .         Reflect  .   (no cloak)
rCorr    .         Harm     .   (no gloves)
MR       .....                  (no boots)
Stlth    ..........             (no amulet)
HPRegen  0.13/turn              (no ring)
MPRegen  0.08/turn              (no ring)

@: no status effects
A: retaliatory headbutt, horns 2
a: Berserk, Trog's Hand, Burn Spellbooks, Renounce Religion


You were on level 2 of the Dungeon.
You worshipped Trog.
Trog was pleased with you.
You were not hungry.

You visited 1 branch of the dungeon, and saw 2 of its levels.

You collected 54 gold pieces.

Inventory:

Hand Weapons
 a - a +0 hand axe (weapon)
 g - a +2 spear of venom
 q - a +0 spear
Missiles
 h - 80 stones (quivered)
 k - 3 needles of confusion
 p - 41 arrows
 r - 8 sling bullets
Armour
 b - a +0 animal skin
 o - a +0 chain mail (worn)
Scrolls
 d - a scroll of fear {unknown}
 e - a scroll of random uselessness {unknown}
 f - a scroll of amnesia {unknown}
 l - a scroll of teleportation {unknown}
 m - a scroll of noise {unknown}
 n - a scroll of blinking {unknown}
 s - a scroll of identify {unknown}
 t - a scroll of immolation {unknown}
Potions
 i - a potion of haste {unknown}
 j - a potion of heal wounds {unknown}
 u - a potion of curing {unknown}
 w - a potion of ambrosia {unknown}
Comestibles
 c - 5 rations


   Skills:
 + Level 4.4 Fighting
 + Level 5.2 Axes
 + Level 2.8 Armour
 + Level 2.7 Dodging
 + Level 0.1 Stealth


You had 3 spell levels left.
You didn't know any spells.

Dungeon Overview and Level Annotations

Branches:
Dungeon (2/15)

Altars:
Cheibriados

Annotations:
D:2 need protection from fire - scard and scrolls here


Innate Abilities, Weirdness & Mutations

You reflexively headbutt those who attack you in melee.
You have a pair of horns on your head.


Message History

[Y]es or [N]o only, please.
Really walk into a travel-excluded area? [Y]es or [N]o only, please.
Really walk into a travel-excluded area?
Okay, then.
Really walk into a travel-excluded area?
Really walk into a travel-excluded area?
Really walk into a travel-excluded area?
You are engulfed in blazing flames.
You start resting.
Eating a chunk of flesh.
You eat the chunk of flesh.
This raw flesh tastes terrible.
HP restored.
You see here a helmet.
Unknown command.
Really walk into a travel-excluded area?
You are engulfed in blazing flames.
Ouch! That really hurt!
You are engulfed in blazing flames.
You die...

....######.............#
#.# # ....# #..###.######.#
#)# # ##### #......######.#
#.# # #
#...........#.#####.# # #
#...###.............# # #
#...###.###.#.####### # #
######...###### # # ####
#§§§# # # #.<# #§@§# ### #
#.## #§§§# #.. #
#.######...###### #.# #
#...§§§...[.§§..#### #.#
###### #....§§.....§§§....#
#.# .....#
#.#.§§§.?.!.§§§.##.# #.#
####.###.######...#######.#
#.# ###...##.# #§§§#
###.#####.# .........#
#§§§# #.........#


There were no monsters in sight!

Vanquished Creatures
  2 adders (D:2)
  4 gnolls (D:2)
  A worm (D:2)
  2 dart slugs (D:1)
  6 bats
  5 goblins (D:1)
  A hobgoblin (D:1)
  2 jackals (D:1)
  A quokka (D:2)
  2 ball pythons (D:1)
  2 frilled lizards
  5 kobolds
  2 rats
35 creatures vanquished.

Notes
Turn   | Place    | Note
-------+----------+-------------------------------------------
     0 | D:1      | Musashi the Minotaur Berserker began the quest for the Orb.
     0 | D:1      | Reached XP level 1. HP: 19/19 MP: 0/0
   400 | D:1      | Reached skill level 4 in Axes
   400 | D:1      | Reached XP level 2. HP: 27/27 MP: 1/1
   752 | D:1      | Found a snail-covered altar of Cheibriados.
  1095 | D:2      | Reached XP level 3. HP: 31/33 MP: 2/2
  1295 | D:2      | Reached ** piety under Trog
  1342 | D:2      | Reached skill level 5 in Axes
  1345 | D:2      | Reached XP level 4. HP: 20/41 MP: 3/3
  2237 | D:2      | Engulfed by a cloud of flame

Skill      XL: |  1  2  3 |
---------------+----------+-----
Axes           | 4 5 |  5.2
Fighting       | 4 |  4.4
Armour         | |  2.8
Dodging        | |  2.7
Stealth        | |  0.1

Action                   |  1- 3 |  4- 6 || total
-------------------------+-------+-------++-------
Melee: Hand axe          |    66 |     8 ||    74
       Headbutt          |     8 |     1 ||     9
Invok: Berserk           |     1 |       ||     1
  Eat: Chunk             |     1 |     4 ||     5
Armor: Animal skin       |     8 |       ||     8
       Chain mail        |     9 |     3 ||    12
Dodge: Dodged            |    40 |     4 ||    44
